EDMONTON vs ST.LOUIS

Created - Monday, April 23, 2018 at 22:42

Goals
1 2 3 T
EDMONTON 2 1 2 5
ST.LOUIS 1 0 2 3
Shots
1 2 3 T
EDMONTON 13 10 11 34
ST.LOUIS 8 6 10 24

1st period

1. EDMONTON , Josh Manson 9 (Paul Stastny 35, Paul Byron 27) at 0:44
2. ST.LOUIS , Vladislav Namestnikov 8 (Troy Brouwer 5, Michael Stone 22) at 7:35
3. EDMONTON , Mark Giordano 16 (Tyler Toffoli 31, Paul Stastny 36) at 11:11 (PP)

Penalties :
Dmitry Kulikov (STL) for Holding (Minor) at 4:43, Dmitry Kulikov (STL) for Roughing (Minor) at 9:26, Deryk Engelland (EDM) for Tripping (Minor) at 13:10, Jaden Schwartz (STL) for Roughing (Minor) at 15:58

2nd period

4. EDMONTON , Trevor Daley 8 (Kevin Shattenkirk 48, Marcus Johansson 35) at 14:58 (PP)

Penalties :
Dmitry Kulikov (STL) for High sticking (Minor) at 13:39

3rd period

5. ST.LOUIS , Simon Despres 6 (Vladislav Namestnikov 14, Ryan Dzingel 12) at 3:15
6. EDMONTON , Eric Staal 42 (Kyle Okposo 44, Trevor Daley 29) at 4:35
7. EDMONTON , Tyler Toffoli 24 (Kevin Shattenkirk 49, Paul Stastny 37) at 16:20 (PP)
8. ST.LOUIS , Darnell Nurse 6 (Calle Jarnkrok 31, Sam Gagner 30) at 16:57 (PP)

Penalties :
Josh Manson (EDM) for Hooking (Minor) at 7:00, Jason Chimera (EDM) for Interference (Minor) at 13:38, Vladislav Namestnikov (STL) for High sticking (Minor) at 15:39, Kyle Okposo (EDM) for Cross-checking (Minor) at 16:31, Radim Vrbata (STL) for Tripping (Minor) at 19:02

Goalie Stats

Jonathan Quick (EDM), 21 saves from 24 shots - (0.875), W, 29-22-4, 60:00 minutes
Ben Bishop (STL), 29 saves from 34 shots - (0.853), L, 31-30-5, 60:00 minutes

Players Stats for EDMONTON

Player Name              G  A  P  +/- PIM S  H  SB GA TA FO     MP     PP MP  PK MP  
------------------------------------------------------------------------------------
Andrew MacDonald         0  0  0  -1  0   1  0  1  0  0  0/0    19:28   4:24   2:53 
Brad Richardson          0  0  0   0  0   0  1  0  0  0  2/6     5:55   0:00   0:26 
Deryk Engelland          0  0  0  -1  2   2  1  0  0  0  0/0    14:24   0:00   2:14 
Eric Staal               1  0  1   1  0   4  1  0  0  0  16/29  23:36   4:05   4:57 
Jason Chimera            0  0  0  -1  2   2  3  0  0  0  0/0    11:04   0:00   0:00 
Joel Armia               0  0  0  -1  0   1  0  0  0  0  0/0    11:05   0:00   0:00 
Josh Manson              1  0  1   2  2   1  1  0  0  0  0/0    17:41   0:00   2:34 
Kevin Shattenkirk        0  2  2  -1  0   1  1  1  0  0  0/0    22:24   4:16   0:30 
Kyle Okposo              0  1  1   1  2   4  0  0  0  0  0/0    23:09   4:05   4:31 
Marcus Johansson         0  1  1   1  0   4  0  0  0  0  2/5    18:39   4:05   0:00 
Mark Giordano            1  0  1  -1  0   4  0  1  0  0  0/0    24:55   4:24   2:53 
Markus Granlund          0  0  0  -1  0   0  0  0  0  0  7/19   11:05   0:00   0:00 
Matt Calvert             0  0  0   0  0   0  0  0  0  0  0/1     5:29   0:00   0:00 
Melker Karlsson          0  0  0   0  0   0  2  0  0  0  0/0     5:29   0:00   0:00 
Paul Byron               0  1  1   0  0   2  2  0  0  0  0/1    19:50   4:35   1:26 
Paul Stastny             0  3  3   0  0   6  0  0  0  0  19/27  19:50   4:35   1:26 
Trevor Daley             1  1  2   2  0   1  0  0  0  0  0/0    21:06   4:16   1:42 
Tyler Toffoli            1  1  2   0  0   1  0  0  0  0  0/0    18:24   4:35   0:00 

Players Stats for ST.LOUIS

Player Name              G  A  P  +/- PIM S  H  SB GA TA FO     MP     PP MP  PK MP  
------------------------------------------------------------------------------------
Alex Petrovic            0  0  0   1  0   2  4  0  0  0  0/0    24:12   2:53   4:20 
Calle Jarnkrok           0  1  1  -1  0   4  2  2  0  0  1/1    15:30   3:06   0:00 
Dale Weise               0  0  0   0  0   0  0  0  0  0  0/0     0:00   0:00   0:00 
Darnell Nurse            1  0  1  -1  0   1  3  2  0  0  0/0    22:15   3:08   4:20 
Darren Archibald         0  0  0   0  0   0  0  0  0  0  0/0     6:35   0:00   0:00 
Dmitry Kulikov           0  0  0   0  6   0  0  3  0  0  0/0    13:30   0:22   0:00 
Jaden Schwartz           0  0  0   0  2   3  0  0  0  0  0/1    17:04   3:17   0:00 
Jason Spezza             0  0  0  -1  0   0  5  0  0  0  6/18   17:54   3:06   2:24 
Jonathan Ericsson        0  0  0  -1  0   1  0  1  0  0  0/0    22:15   3:08   4:20 
Jordan Staal             0  0  0   0  0   1  2  0  0  0  16/23  22:40   3:17   5:35 
Joshua Ho-Sang           0  0  0   0  0   0  0  0  0  0  5/8     6:35   0:00   0:00 
Justin Falk              0  0  0   0  0   0  0  0  0  0  0/0     0:00   0:00   0:00 
Michael Stone            0  1  1   1  0   0  1  4  0  0  0/0    24:34   3:15   4:20 
Radim Vrbata             0  0  0   0  2   4  1  0  0  0  2/7    19:26   3:17   2:22 
Ryan Dzingel             0  1  1   1  0   1  0  0  0  0  6/17   12:10   0:00   0:00 
Sam Gagner               0  1  1  -1  0   3  0  0  0  0  3/10   21:08   3:06   5:38 
Simon Despres            1  0  1   0  0   2  0  0  0  0  0/0    13:11   0:00   0:00 
Troy Brouwer             0  1  1   1  0   0  3  0  0  0  2/2    12:10   0:00   0:00 
Vladislav Namestnikov    1  1  2   1  2   2  0  0  0  0  1/1    13:30   0:00   1:21 
Zack Kassian             0  0  0   0  0   0  0  0  0  0  0/0     6:35   0:00   0:00 

3 Stars

1 - Trevor Daley (EDM)
2 - Paul Stastny (EDM)
3 - Tyler Toffoli (EDM)

Power Play

EDMONTON - 3 on 6 Attempt(s) - 50.00%
ST.LOUIS - 1 on 4 Attempt(s) - 25.00%

Penalty Kill

EDMONTON - 3 on 4 Attempt(s) - 75.00% - Score 0 goal in Penalty Kill
ST.LOUIS - 3 on 6 Attempt(s) - 50.00% - Score 0 goal in Penalty Kill

Team Stat

EDMONTON - Hits : 12 - Faceoff Wins : 46 - Blocked Shots : 3 - Penalty Minutes : 8
ST.LOUIS - Hits : 21 - Faceoff Wins : 42 - Blocked Shots : 12 - Penalty Minutes : 12

Official

Referees : Unknown
Linesman : Unknown

Game Notes

No Game Note

Finance

Level 1 -- Attendance: 5610 (93.50%) -- Ticket Income $426,360
Level 2 -- Attendance: 4999 (99.98%) -- Ticket Income $274,945
Level 3 -- Attendance: 1808 (90.40%) -- Ticket Income $63,280
Level 4 -- Attendance: 3872 (96.80%) -- Ticket Income $77,440
Luxury Box -- Attendance: 1000 (100.00%) -- Ticket Income $150,000
Game was played at the Scottrade Center.
Total Attendance: 17289 (96.05%)
Total Ticket Income: $992,025
Total Income: $992,025

EDMONTON

5 vs 5 Forward 
   Center                   Left Wing                Right Wing               Time % Phy DF OF 
 1 Eric Staal               Marcus Johansson         Kyle Okposo              35     1   2  2  
 2 Paul Stastny             Paul Byron               Tyler Toffoli            30     1   2  2  
 3 Markus Granlund          Jason Chimera            Joel Armia               25     1   2  2  
 4 Brad Richardson          Matt Calvert             Melker Karlsson          10     1   2  2  

5 vs 5 Defense 
   Defense                  Defense                                           Time % Phy DF OF 
 1 Mark Giordano            Kevin Shattenkirk                                 35     1   2  2  
 2 Josh Manson              Trevor Daley                                      30     1   2  2  
 3 Andrew MacDonald         Deryk Engelland                                   25     1   2  2  
 4 Mark Giordano            Kevin Shattenkirk                                 10     1   2  2  

PowerPlay Forward 
   Center                   Left Wing                Right Wing               Time % Phy DF OF 
 1 Eric Staal               Marcus Johansson         Kyle Okposo              55     1   2  2  
 2 Paul Stastny             Paul Byron               Tyler Toffoli            45     1   2  2  

PowerPlay Defense
   Defense                  Defense                                           Time % Phy DF OF 
 1 Mark Giordano            Andrew MacDonald                                  55     1   2  2  
 2 Kevin Shattenkirk        Trevor Daley                                      45     1   2  2  

Penalty Kill 4 Players Forward 
   Center                   Wing                     Time % Phy DF OF 
 1 Eric Staal               Kyle Okposo              60     1   2  2  
 2 Paul Stastny             Paul Byron               40     1   2  2  

Penalty Kill 4 Players Defense
   Defense                  Defense                  Time % Phy DF OF 
 1 Mark Giordano            Andrew MacDonald         55     1   2  2  
 2 Josh Manson              Deryk Engelland          45     1   2  2  

Penalty Kill - 3 Players Forward 
   Forward                                           Time % Phy DF OF 
 1 Eric Staal                                        55     1   2  2  
 2 Paul Stastny                                      45     1   2  2  

Penalty Kill - 3 Players Defense
   Defense                  Defense                  Time % Phy DF OF 
 1 Mark Giordano            Andrew MacDonald         55     1   2  2  
 2 Josh Manson              Deryk Engelland          45     1   2  2  

4 vs 4 Forward 
   Center                   Wing                     Time % Phy DF OF 
 1 Eric Staal               Kyle Okposo              60     1   2  2  
 2 Paul Stastny             Marcus Johansson         40     1   2  2  

4 vs 4 Defense
   Defense                  Defense                  Time % Phy DF OF 
 1 Mark Giordano            Andrew MacDonald         55     1   2  2  
 2 Kevin Shattenkirk        Trevor Daley             45     1   2  2  

Last Minutes Offensive
   Center                   Left Wing                Right Wing               Defense                  Defense                  
   Eric Staal               Marcus Johansson         Kyle Okposo              Mark Giordano            Kevin Shattenkirk        

Last Minutes Defensive
   Center                   Left Wing                Right Wing               Defense                  Defense                  
   Eric Staal               Marcus Johansson         Kyle Okposo              Mark Giordano            Andrew MacDonald         

Goaltenders
Starting : Jonathan Quick           
Backup : Roberto Luongo           

Extra Forwards
Normal : Jason Chimera, Paul Byron, Paul Stastny - PP : Jason Chimera, Paul Byron - PK : Paul Byron
Extra Defensemen
Normal : Andrew MacDonald, Deryk Engelland, Kevin Shattenkirk - PP : Deryk Engelland - PK : Trevor Daley, Kevin Shattenkirk
Penalty Shots
Eric Staal, Paul Byron, Marcus Johansson, Tyler Toffoli, Kyle Okposo

Scratches
EDM Cap Hit (Suspend), Jamie McGinn (Healthy), Riley Sheahan (Healthy)

ST.LOUIS

5 vs 5 Forward 
   Center                   Left Wing                Right Wing               Time % Phy DF OF 
 1 Jordan Staal             Jaden Schwartz           Radim Vrbata             35     1   2  2  
 2 Jason Spezza             Calle Jarnkrok           Sam Gagner               30     1   2  2  
 3 Ryan Dzingel             Troy Brouwer             Vladislav Namestnikov    25     1   2  2  
 4 Joshua Ho-Sang           Darren Archibald         Zack Kassian             10     1   2  2  

5 vs 5 Defense 
   Defense                  Defense                                           Time % Phy DF OF 
 1 Michael Stone            Alex Petrovic                                     35     1   2  2  
 2 Jonathan Ericsson        Darnell Nurse                                     30     1   2  2  
 3 Dmitry Kulikov           Simon Despres                                     25     1   2  2  
 4 Michael Stone            Alex Petrovic                                     10     1   2  2  

PowerPlay Forward 
   Center                   Left Wing                Right Wing               Time % Phy DF OF 
 1 Jordan Staal             Jaden Schwartz           Radim Vrbata             60     1   2  2  
 2 Jason Spezza             Calle Jarnkrok           Sam Gagner               40     1   2  2  

PowerPlay Defense
   Defense                  Defense                                           Time % Phy DF OF 
 1 Michael Stone            Alex Petrovic                                     60     1   2  2  
 2 Jonathan Ericsson        Darnell Nurse                                     40     1   2  2  

Penalty Kill 4 Players Forward 
   Center                   Wing                     Time % Phy DF OF 
 1 Sam Gagner               Jordan Staal             60     1   2  2  
 2 Radim Vrbata             Jason Spezza             40     1   2  2  

Penalty Kill 4 Players Defense
   Defense                  Defense                  Time % Phy DF OF 
 1 Michael Stone            Alex Petrovic            60     1   2  2  
 2 Jonathan Ericsson        Darnell Nurse            40     1   2  2  

Penalty Kill - 3 Players Forward 
   Forward                                           Time % Phy DF OF 
 1 Radim Vrbata                                      60     1   2  2  
 2 Jordan Staal                                      40     1   2  2  

Penalty Kill - 3 Players Defense
   Defense                  Defense                  Time % Phy DF OF 
 1 Michael Stone            Alex Petrovic            60     1   2  2  
 2 Jonathan Ericsson        Darnell Nurse            40     1   2  2  

4 vs 4 Forward 
   Center                   Wing                     Time % Phy DF OF 
 1 Troy Brouwer             Jordan Staal             60     1   2  2  
 2 Radim Vrbata             Jason Spezza             40     1   2  2  

4 vs 4 Defense
   Defense                  Defense                  Time % Phy DF OF 
 1 Michael Stone            Alex Petrovic            60     1   2  2  
 2 Jonathan Ericsson        Darnell Nurse            40     1   2  2  

Last Minutes Offensive
   Center                   Left Wing                Right Wing               Defense                  Defense                  
   Jordan Staal             Jaden Schwartz           Radim Vrbata             Michael Stone            Alex Petrovic            

Last Minutes Defensive
   Center                   Left Wing                Right Wing               Defense                  Defense                  
   Jordan Staal             Jaden Schwartz           Radim Vrbata             Michael Stone            Alex Petrovic            

Goaltenders
Starting : Ben Bishop               
Backup : Alex Stalock             

Extra Forwards
Normal : Dale Weise, Troy Brouwer, Vladislav Namestnikov - PP : Dale Weise, Troy Brouwer - PK : Vladislav Namestnikov
Extra Defensemen
Normal : Dmitry Kulikov, Simon Despres, Jonathan Ericsson - PP : Dmitry Kulikov - PK : Simon Despres, Jonathan Ericsson
Penalty Shots
Vladislav Namestnikov, Jordan Staal, Radim Vrbata, Jason Spezza, Sam Gagner

Scratches
None


% Time on Ice - EDMONTON

Lines # - Real PCT - Wanted PCT - Time Play
Normal Forward
1 - 32% - 35% - 14:34
2 - 31% - 30% - 13:49
3 - 25% - 25% - 11:05
4 - 12% - 10% - 5:29
Normal Defense
1 - 35% - 35% - 15:54
2 - 34% - 30% - 15:08
3 - 27% - 25% - 12:11
4 - 4% - 10% - 1:44
PP Forward
1 - 47% - 55% - 4:05
2 - 53% - 45% - 4:35
PP Defense
1 - 51% - 55% - 4:24
2 - 49% - 45% - 4:16
PK Forward
1 - 78% - 60% - 4:57
2 - 22% - 40% - 1:26
PK Defense
1 - 45% - 55% - 2:53
2 - 55% - 45% - 3:30
PK3 Forward
1 - 0% - 55%
2 - 0% - 45%
PK3 Defense
1 - 0% - 55%
2 - 0% - 45%
44 Forward
1 - 0% - 60%
2 - 0% - 40%
44 Defense
1 - 0% - 55%
2 - 0% - 45%
Last Minute Offensive  - 0:00
Last Minute Defensive  - 0:00
Total
Forward - 60:00
Defense - 60:00

% Time on Ice - ST.LOUIS

Lines # - Real PCT - Wanted PCT - Time Play
Normal Forward
1 - 31% - 35% - 13:48
2 - 28% - 30% - 12:24
3 - 27% - 25% - 12:10
4 - 15% - 10% - 6:35
Normal Defense
1 - 33% - 35% - 14:49
2 - 33% - 30% - 14:47
3 - 29% - 25% - 13:11
4 - 5% - 10% - 2:10
PP Forward
1 - 51% - 60% - 3:17
2 - 49% - 40% - 3:06
PP Defense
1 - 51% - 60% - 3:15
2 - 49% - 40% - 3:08
PK Forward
1 - 72% - 60% - 6:16
2 - 28% - 40% - 2:24
PK Defense
1 - 50% - 60% - 4:20
2 - 50% - 40% - 4:20
PK3 Forward
1 - 0% - 60%
2 - 0% - 40%
PK3 Defense
1 - 0% - 60%
2 - 0% - 40%
44 Forward
1 - 0% - 60%
2 - 0% - 40%
44 Defense
1 - 0% - 60%
2 - 0% - 40%
Last Minute Offensive  - 0:00
Last Minute Defensive  - 0:00
Total
Forward - 60:00
Defense - 60:00

Play-by-Play

1st period


0:01 of 1st period - Marcus Johansson wins face-off versus Jaden Schwartz in neutral zone.
0:01 of 1st period - Marcus Johansson is hit by Radim Vrbata.
0:17 of 1st period - Shot by Eric Staal.
0:17 of 1st period - Stopped by Ben Bishop without a rebound.
0:18 of 1st period - Paul Stastny wins face-off versus Jason Spezza in ST.LOUIS zone.
0:30 of 1st period - Paul Byron is hit by Darnell Nurse.
0:40 of 1st period - Shot by Paul Byron.
0:40 of 1st period - Shot Misses the Net.
0:42 of 1st period - Shot by Paul Stastny.
0:42 of 1st period - Shot Misses the Net.
0:44 of 1st period - Shot by Josh Manson.
0:44 of 1st period - Goal by Josh Manson - EDMONTON : 1 - ST.LOUIS : 0.
0:45 of 1st period - Markus Granlund wins face-off versus Ryan Dzingel in neutral zone.
0:56 of 1st period - Ryan Dzingel is hit by Deryk Engelland and loses puck.
1:08 of 1st period - Shot by Simon Despres.
1:08 of 1st period - Stopped by Jonathan Quick without a rebound.
1:09 of 1st period - Brad Richardson wins face-off versus Joshua Ho-Sang in EDMONTON zone.
1:26 of 1st period - Shot by Brad Richardson.
1:26 of 1st period - Shot Blocked by Michael Stone.
2:25 of 1st period - Shot by Radim Vrbata.
2:25 of 1st period - Stopped by Jonathan Quick without a rebound.
2:26 of 1st period - Paul Stastny wins face-off versus Jason Spezza in EDMONTON zone.
2:26 of 1st period - Paul Stastny is hit by Jason Spezza.
2:56 of 1st period - Shot by Paul Stastny.
2:56 of 1st period - Shot Blocked by Calle Jarnkrok.
2:58 of 1st period - Shot by Deryk Engelland.
2:58 of 1st period - Stopped by Ben Bishop without a rebound.
2:59 of 1st period - Troy Brouwer wins face-off versus Eric Staal in ST.LOUIS zone.
3:01 of 1st period - Icing by Ryan Dzingel.
3:02 of 1st period - Eric Staal wins face-off versus Ryan Dzingel in ST.LOUIS zone.
3:34 of 1st period - Shot by Vladislav Namestnikov.
3:34 of 1st period - Stopped by Jonathan Quick without a rebound.
3:35 of 1st period - Jordan Staal wins face-off versus Markus Granlund in EDMONTON zone.
3:44 of 1st period - Shot by Radim Vrbata.
3:44 of 1st period - Stopped by Jonathan Quick without a rebound.
3:45 of 1st period - Jordan Staal wins face-off versus Paul Stastny in EDMONTON zone.
3:46 of 1st period - Shot by Radim Vrbata.
3:46 of 1st period - Shot Misses the Net.
3:52 of 1st period - Shot by Paul Stastny.
3:52 of 1st period - Shot Misses the Net.
4:00 of 1st period - Shot by Tyler Toffoli.
4:00 of 1st period - Shot Blocked by Dmitry Kulikov.
4:20 of 1st period - Shot by Tyler Toffoli.
4:20 of 1st period - Shot Misses the Net.
4:22 of 1st period - Shot by Andrew MacDonald.
4:22 of 1st period - Shot Misses the Net.
4:43 of 1st period - Minor Penalty to Dmitry Kulikov for Holding.
4:44 of 1st period - Eric Staal wins face-off versus Sam Gagner in ST.LOUIS zone.
5:10 of 1st period - Shot by Sam Gagner.
5:10 of 1st period - Deflect By Vladislav Namestnikov.
5:10 of 1st period - Shot Misses the Net.
5:12 of 1st period - Shot by Alex Petrovic.
5:12 of 1st period - Stopped by Jonathan Quick without a rebound.
5:13 of 1st period - Paul Stastny wins face-off versus Sam Gagner in EDMONTON zone.
6:41 of 1st period - Shot by Kyle Okposo.
6:41 of 1st period - Shot Blocked by Darnell Nurse.
6:43 of 1st period - Shot by Eric Staal.
6:43 of 1st period - Stopped by Ben Bishop without a rebound.
6:44 of 1st period - Joshua Ho-Sang wins face-off versus Markus Granlund in ST.LOUIS zone.
7:15 of 1st period - Icing by Deryk Engelland.
7:16 of 1st period - Markus Granlund wins face-off versus Ryan Dzingel in EDMONTON zone.
7:33 of 1st period - Shot by Troy Brouwer.
7:33 of 1st period - Shot Misses the Net.
7:35 of 1st period - Shot by Vladislav Namestnikov.
7:35 of 1st period - Goal by Vladislav Namestnikov - EDMONTON : 1 - ST.LOUIS : 1.
7:36 of 1st period - Eric Staal wins face-off versus Jordan Staal in neutral zone.
7:45 of 1st period - Shot by Mark Giordano.
7:45 of 1st period - Stopped by Ben Bishop without a rebound.
7:46 of 1st period - Calle Jarnkrok wins face-off versus Eric Staal in ST.LOUIS zone.
9:00 of 1st period - Shot by Paul Stastny.
9:00 of 1st period - Stopped by Ben Bishop with a rebound.
9:02 of 1st period - Shot by Paul Stastny.
9:02 of 1st period - Shot Misses the Net.
9:04 of 1st period - Shot by Paul Byron.
9:04 of 1st period - Stopped by Ben Bishop without a rebound.
9:05 of 1st period - Ryan Dzingel wins face-off versus Markus Granlund in ST.LOUIS zone.
9:21 of 1st period - Icing by Troy Brouwer.
9:22 of 1st period - Paul Stastny wins face-off versus Ryan Dzingel in ST.LOUIS zone.
9:26 of 1st period - Minor Penalty to Dmitry Kulikov for Roughing.
9:27 of 1st period - Paul Stastny wins face-off versus Sam Gagner in ST.LOUIS zone.
9:45 of 1st period - Icing by Paul Stastny.
9:46 of 1st period - Sam Gagner wins face-off versus Paul Stastny in EDMONTON zone.
9:51 of 1st period - Shot by Sam Gagner.
9:51 of 1st period - Stopped by Jonathan Quick without a rebound.
9:52 of 1st period - Sam Gagner wins face-off versus Eric Staal in EDMONTON zone.
10:11 of 1st period - Shot by Kevin Shattenkirk.
10:11 of 1st period - Shot Misses the Net.
10:31 of 1st period - Shot by Kyle Okposo.
10:31 of 1st period - Stopped by Ben Bishop without a rebound.
10:32 of 1st period - Paul Stastny wins face-off versus Radim Vrbata in ST.LOUIS zone.
10:37 of 1st period - Shot by Mark Giordano.
10:37 of 1st period - Stopped by Ben Bishop with a rebound.
10:43 of 1st period - Shot by Paul Stastny.
10:43 of 1st period - Shot Misses the Net.
11:11 of 1st period - Shot by Mark Giordano.
11:11 of 1st period - Goal by Mark Giordano - EDMONTON : 2 - ST.LOUIS : 1.
11:12 of 1st period - Ryan Dzingel wins face-off versus Markus Granlund in neutral zone.
11:44 of 1st period - Trevor Daley is hit by Troy Brouwer and loses puck.
11:58 of 1st period - Off-side.
11:59 of 1st period - Eric Staal wins face-off versus Jason Spezza in neutral zone.
12:38 of 1st period - Shot by Eric Staal.
12:38 of 1st period - Stopped by Ben Bishop without a rebound.
12:39 of 1st period - Paul Stastny wins face-off versus Jordan Staal in ST.LOUIS zone.
12:44 of 1st period - Shot by Tyler Toffoli.
12:44 of 1st period - Shot Blocked by Dmitry Kulikov.
13:10 of 1st period - Minor Penalty to Deryk Engelland for Tripping.
13:11 of 1st period - Eric Staal wins face-off versus Jason Spezza in EDMONTON zone.
13:23 of 1st period - Shot by Sam Gagner.
13:23 of 1st period - Shot Misses the Net.
13:25 of 1st period - Shot by Calle Jarnkrok.
13:25 of 1st period - Shot Blocked by Mark Giordano.
14:25 of 1st period - Shot by Jaden Schwartz.
14:25 of 1st period - Stopped by Jonathan Quick without a rebound.
14:26 of 1st period - Jordan Staal wins face-off versus Paul Stastny in EDMONTON zone.
15:17 of 1st period - Shot by Jason Chimera.
15:17 of 1st period - Stopped by Ben Bishop without a rebound.
15:18 of 1st period - Ryan Dzingel wins face-off versus Paul Stastny in ST.LOUIS zone.
15:23 of 1st period - Shot by Tyler Toffoli.
15:23 of 1st period - Shot Blocked by Dmitry Kulikov.
15:50 of 1st period - Icing by Paul Byron.
15:51 of 1st period - Paul Stastny wins face-off versus Jason Spezza in EDMONTON zone.
15:55 of 1st period - Icing by Mark Giordano.
15:56 of 1st period - Paul Stastny wins face-off versus Radim Vrbata in EDMONTON zone.
15:58 of 1st period - Minor Penalty to Jaden Schwartz for Roughing.
15:59 of 1st period - Sam Gagner wins face-off versus Eric Staal in ST.LOUIS zone.
16:12 of 1st period - Shot by Kyle Okposo.
16:12 of 1st period - Shot Blocked by Michael Stone.
16:38 of 1st period - Shot by Mark Giordano.
16:38 of 1st period - Shot Misses the Net.
16:40 of 1st period - Shot by Andrew MacDonald.
16:40 of 1st period - Stopped by Ben Bishop without a rebound.
16:41 of 1st period - Paul Stastny wins face-off versus Radim Vrbata in ST.LOUIS zone.
17:10 of 1st period - Shot by Kevin Shattenkirk.
17:10 of 1st period - Shot Misses the Net.
17:28 of 1st period - Icing by Paul Stastny.
17:29 of 1st period - Paul Stastny wins face-off versus Sam Gagner in EDMONTON zone.
19:05 of 1st period - Kyle Okposo is hit by Alex Petrovic and loses puck.
19:38 of 1st period - Icing by Darren Archibald.
19:39 of 1st period - Paul Stastny wins face-off versus Joshua Ho-Sang in ST.LOUIS zone.
19:46 of 1st period - Shot by Tyler Toffoli.
19:46 of 1st period - Shot Misses the Net.
19:53 of 1st period - Icing by Michael Stone.
19:54 of 1st period - Joshua Ho-Sang wins face-off versus Markus Granlund in ST.LOUIS zone.
Goals for this period are 2 for EDMONTON vs 1 for ST.LOUIS.
Shots for this period are 13 for EDMONTON vs 8 for ST.LOUIS.

2nd period


0:01 of 2nd period - Eric Staal wins face-off versus Radim Vrbata in neutral zone.
1:10 of 2nd period - Shot by Paul Stastny.
1:10 of 2nd period - Stopped by Ben Bishop without a rebound.
1:11 of 2nd period - Jason Spezza wins face-off versus Markus Granlund in ST.LOUIS zone.
1:32 of 2nd period - Shot by Calle Jarnkrok.
1:32 of 2nd period - Shot Misses the Net.
2:16 of 2nd period - Shot by Vladislav Namestnikov.
2:16 of 2nd period - Shot Misses the Net.
2:18 of 2nd period - Shot by Ryan Dzingel.
2:18 of 2nd period - Stopped by Jonathan Quick with a rebound.
2:42 of 2nd period - Shot by Paul Stastny.
2:42 of 2nd period - Stopped by Ben Bishop without a rebound.
2:43 of 2nd period - Eric Staal wins face-off versus Joshua Ho-Sang in ST.LOUIS zone.
3:10 of 2nd period - Shot by Kyle Okposo.
3:10 of 2nd period - Stopped by Ben Bishop without a rebound.
3:11 of 2nd period - Jordan Staal wins face-off versus Brad Richardson in ST.LOUIS zone.
3:11 of 2nd period - Jordan Staal is hit by Melker Karlsson.
3:23 of 2nd period - Shot by Radim Vrbata.
3:23 of 2nd period - Shot Misses the Net.
3:49 of 2nd period - Shot by Matt Calvert.
3:49 of 2nd period - Shot Misses the Net.
3:51 of 2nd period - Shot by Matt Calvert.
3:51 of 2nd period - Shot Blocked by Michael Stone.
3:58 of 2nd period - Icing by Michael Stone.
3:59 of 2nd period - Jordan Staal wins face-off versus Marcus Johansson in ST.LOUIS zone.
4:11 of 2nd period - Radim Vrbata is hit by Eric Staal and loses puck.
4:42 of 2nd period - Shot by Kevin Shattenkirk.
4:42 of 2nd period - Stopped by Ben Bishop with a rebound.
4:44 of 2nd period - Shot by Mark Giordano.
4:44 of 2nd period - Shot Misses the Net.
5:30 of 2nd period - Shot by Calle Jarnkrok.
5:30 of 2nd period - Stopped by Jonathan Quick without a rebound.
5:31 of 2nd period - Ryan Dzingel wins face-off versus Markus Granlund in EDMONTON zone.
5:44 of 2nd period - Shot by Vladislav Namestnikov.
5:44 of 2nd period - Shot Misses the Net.
7:51 of 2nd period - Shot by Tyler Toffoli.
7:51 of 2nd period - Shot Misses the Net.
7:57 of 2nd period - Shot by Deryk Engelland.
7:57 of 2nd period - Stopped by Ben Bishop without a rebound.
7:58 of 2nd period - Brad Richardson wins face-off versus Jordan Staal in ST.LOUIS zone.
8:33 of 2nd period - Radim Vrbata is hit by Brad Richardson and loses puck.
9:09 of 2nd period - Trevor Daley is hit by Troy Brouwer and loses puck.
9:35 of 2nd period - Icing by Jonathan Ericsson.
9:36 of 2nd period - Paul Stastny wins face-off versus Ryan Dzingel in ST.LOUIS zone.
10:15 of 2nd period - Shot by Tyler Toffoli.
10:15 of 2nd period - Shot Misses the Net.
10:17 of 2nd period - Shot by Paul Stastny.
10:17 of 2nd period - Shot Misses the Net.
10:19 of 2nd period - Shot by Paul Byron.
10:19 of 2nd period - Stopped by Ben Bishop without a rebound.
10:20 of 2nd period - Jordan Staal wins face-off versus Eric Staal in ST.LOUIS zone.
10:39 of 2nd period - Kyle Okposo is hit by Jordan Staal and loses puck.
10:43 of 2nd period - Eric Staal is hit by Michael Stone and loses puck.
11:34 of 2nd period - Shot by Calle Jarnkrok.
11:34 of 2nd period - Shot Misses the Net.
11:36 of 2nd period - Shot by Calle Jarnkrok.
11:36 of 2nd period - Stopped by Jonathan Quick without a rebound.
11:37 of 2nd period - Paul Stastny wins face-off versus Ryan Dzingel in EDMONTON zone.
11:37 of 2nd period - Paul Stastny is hit by Troy Brouwer.
11:43 of 2nd period - Shot by Paul Stastny.
11:43 of 2nd period - Stopped by Ben Bishop without a rebound.
11:44 of 2nd period - Paul Stastny wins face-off versus Ryan Dzingel in ST.LOUIS zone.
11:59 of 2nd period - Shot by Tyler Toffoli.
11:59 of 2nd period - Shot Misses the Net.
12:01 of 2nd period - Shot by Mark Giordano.
12:01 of 2nd period - Shot Misses the Net.
12:14 of 2nd period - Icing by Ryan Dzingel.
12:15 of 2nd period - Markus Granlund wins face-off versus Ryan Dzingel in ST.LOUIS zone.
12:16 of 2nd period - Shot by Josh Manson.
12:16 of 2nd period - Shot Misses the Net.
12:44 of 2nd period - Jason Spezza is hit by Jason Chimera.
13:39 of 2nd period - Minor Penalty to Dmitry Kulikov for High sticking.
13:40 of 2nd period - Vladislav Namestnikov wins face-off versus Paul Stastny in ST.LOUIS zone.
13:59 of 2nd period - Shot by Tyler Toffoli.
13:59 of 2nd period - Deflect By Paul Stastny.
13:59 of 2nd period - Shot Misses the Net.
14:35 of 2nd period - Off-side.
14:36 of 2nd period - Radim Vrbata wins face-off versus Eric Staal in neutral zone.
14:39 of 2nd period - Kyle Okposo is hit by Jason Spezza and loses puck.
14:48 of 2nd period - Shot by Kyle Okposo.
14:48 of 2nd period - Stopped by Ben Bishop without a rebound.
14:49 of 2nd period - Eric Staal wins face-off versus Sam Gagner in ST.LOUIS zone.
14:52 of 2nd period - Shot by Kyle Okposo.
14:52 of 2nd period - Stopped by Ben Bishop with a rebound.
14:54 of 2nd period - Shot by Marcus Johansson.
14:54 of 2nd period - Shot Misses the Net.
14:56 of 2nd period - Shot by Kevin Shattenkirk.
14:56 of 2nd period - Shot Misses the Net.
14:58 of 2nd period - Shot by Trevor Daley.
14:58 of 2nd period - Goal by Trevor Daley - EDMONTON : 3 - ST.LOUIS : 1.
14:59 of 2nd period - Joshua Ho-Sang wins face-off versus Markus Granlund in neutral zone.
15:12 of 2nd period - Shot by Zack Kassian.
15:12 of 2nd period - Shot Misses the Net.
16:00 of 2nd period - Shot by Kyle Okposo.
16:00 of 2nd period - Shot Misses the Net.
16:36 of 2nd period - Shot by Jaden Schwartz.
16:36 of 2nd period - Shot Misses the Net.
17:05 of 2nd period - Off-side.
17:06 of 2nd period - Jason Spezza wins face-off versus Brad Richardson in neutral zone.
17:13 of 2nd period - Kevin Shattenkirk is hit by Jason Spezza and loses puck.
18:25 of 2nd period - Shot by Troy Brouwer.
18:25 of 2nd period - Shot Misses the Net.
19:09 of 2nd period - Shot by Jordan Staal.
19:09 of 2nd period - Shot Hit the Post.
19:11 of 2nd period - Shot by Radim Vrbata.
19:11 of 2nd period - Stopped by Jonathan Quick without a rebound.
19:12 of 2nd period - Joshua Ho-Sang wins face-off versus Markus Granlund in EDMONTON zone.
19:12 of 2nd period - Joshua Ho-Sang is hit by Kevin Shattenkirk.
19:19 of 2nd period - Shot by Jonathan Ericsson.
19:19 of 2nd period - Stopped by Jonathan Quick without a rebound.
19:20 of 2nd period - Markus Granlund wins face-off versus Jason Spezza in EDMONTON zone.
19:36 of 2nd period - Shot by Calle Jarnkrok.
19:36 of 2nd period - Stopped by Jonathan Quick without a rebound.
19:37 of 2nd period - Jordan Staal wins face-off versus Marcus Johansson in EDMONTON zone.
19:40 of 2nd period - Shot by Radim Vrbata.
19:40 of 2nd period - Shot Blocked by Andrew MacDonald.
19:54 of 2nd period - Shot by Alex Petrovic.
19:54 of 2nd period - Shot Misses the Net.
19:56 of 2nd period - Shot by Radim Vrbata.
19:56 of 2nd period - Deflect By Jaden Schwartz.
19:56 of 2nd period - Shot Misses the Net.
Goals for this period are 1 for EDMONTON vs 0 for ST.LOUIS.
Shots for this period are 10 for EDMONTON vs 6 for ST.LOUIS.

3rd period


0:01 of 3rd period - Radim Vrbata wins face-off versus Paul Stastny in neutral zone.
0:06 of 3rd period - Shot by Michael Stone.
0:06 of 3rd period - Shot Blocked by Kevin Shattenkirk.
0:27 of 3rd period - Shot by Jaden Schwartz.
0:27 of 3rd period - Shot Misses the Net.
0:41 of 3rd period - Shot by Jordan Staal.
0:41 of 3rd period - Stopped by Jonathan Quick without a rebound.
0:42 of 3rd period - Marcus Johansson wins face-off versus Jason Spezza in EDMONTON zone.
0:42 of 3rd period - Marcus Johansson is hit by Jason Spezza.
1:01 of 3rd period - Kyle Okposo is hit by Darnell Nurse.
1:17 of 3rd period - Shot by Kyle Okposo.
1:17 of 3rd period - Shot Misses the Net.
1:32 of 3rd period - Icing by Josh Manson.
1:33 of 3rd period - Eric Staal wins face-off versus Radim Vrbata in EDMONTON zone.
2:18 of 3rd period - Paul Stastny is hit by Alex Petrovic and loses puck.
2:24 of 3rd period - Icing by Jaden Schwartz.
2:25 of 3rd period - Jordan Staal wins face-off versus Markus Granlund in ST.LOUIS zone.
2:25 of 3rd period - Jordan Staal is hit by Jason Chimera.
2:36 of 3rd period - Icing by Deryk Engelland.
2:37 of 3rd period - Markus Granlund wins face-off versus Jason Spezza in EDMONTON zone.
2:58 of 3rd period - Shot by Jason Chimera.
2:58 of 3rd period - Stopped by Ben Bishop with a rebound.
3:00 of 3rd period - Shot by Joel Armia.
3:00 of 3rd period - Stopped by Ben Bishop without a rebound.
3:01 of 3rd period - Ryan Dzingel wins face-off versus Paul Byron in ST.LOUIS zone.
3:01 of 3rd period - Ryan Dzingel is hit by Paul Byron.
3:15 of 3rd period - Shot by Simon Despres.
3:15 of 3rd period - Goal by Simon Despres - EDMONTON : 3 - ST.LOUIS : 2.
3:16 of 3rd period - Jason Spezza wins face-off versus Eric Staal in neutral zone.
3:36 of 3rd period - Icing by Darnell Nurse.
3:37 of 3rd period - Paul Stastny wins face-off versus Jason Spezza in ST.LOUIS zone.
3:50 of 3rd period - Shot by Sam Gagner.
3:50 of 3rd period - Stopped by Jonathan Quick without a rebound.
3:51 of 3rd period - Jordan Staal wins face-off versus Eric Staal in EDMONTON zone.
4:02 of 3rd period - Shot by Jordan Staal.
4:02 of 3rd period - Shot Misses the Net.
4:05 of 3rd period - Icing by Trevor Daley.
4:06 of 3rd period - Ryan Dzingel wins face-off versus Marcus Johansson in EDMONTON zone.
4:09 of 3rd period - Shot by Vladislav Namestnikov.
4:09 of 3rd period - Shot Misses the Net.
4:25 of 3rd period - Shot by Kyle Okposo.
4:25 of 3rd period - Shot Misses the Net.
4:35 of 3rd period - Shot by Eric Staal.
4:35 of 3rd period - Goal by Eric Staal - EDMONTON : 4 - ST.LOUIS : 2.
4:36 of 3rd period - Jordan Staal wins face-off versus Paul Stastny in neutral zone.
4:48 of 3rd period - Tyler Toffoli is hit by Jordan Staal.
4:51 of 3rd period - Off-side.
4:52 of 3rd period - Markus Granlund wins face-off versus Jason Spezza in neutral zone.
5:01 of 3rd period - Shot by Andrew MacDonald.
5:01 of 3rd period - Deflect By Markus Granlund.
5:01 of 3rd period - Shot Blocked by Jonathan Ericsson.
5:03 of 3rd period - Shot by Deryk Engelland.
5:03 of 3rd period - Shot Blocked by Calle Jarnkrok.
5:05 of 3rd period - Shot by Markus Granlund.
5:05 of 3rd period - Deflect By Joel Armia.
5:05 of 3rd period - Shot Misses the Net.
5:07 of 3rd period - Shot by Andrew MacDonald.
5:07 of 3rd period - Shot Misses the Net.
5:46 of 3rd period - Mark Giordano is hit by Jason Spezza and loses puck.
5:59 of 3rd period - Shot by Tyler Toffoli.
5:59 of 3rd period - Shot Misses the Net.
6:01 of 3rd period - Shot by Paul Stastny.
6:01 of 3rd period - Shot Blocked by Darnell Nurse.
6:03 of 3rd period - Shot by Mark Giordano.
6:03 of 3rd period - Shot Misses the Net.
6:43 of 3rd period - Shot by Marcus Johansson.
6:43 of 3rd period - Stopped by Ben Bishop without a rebound.
6:44 of 3rd period - Jordan Staal wins face-off versus Matt Calvert in ST.LOUIS zone.
6:44 of 3rd period - Jordan Staal is hit by Melker Karlsson.
6:57 of 3rd period - Shot by Jaden Schwartz.
6:57 of 3rd period - Stopped by Jonathan Quick with a rebound.
7:00 of 3rd period - Minor Penalty to Josh Manson for Hooking.
7:01 of 3rd period - Jordan Staal wins face-off versus Eric Staal in EDMONTON zone.
7:26 of 3rd period - Shot by Alex Petrovic.
7:26 of 3rd period - Stopped by Jonathan Quick without a rebound.
7:27 of 3rd period - Jordan Staal wins face-off versus Eric Staal in EDMONTON zone.
7:55 of 3rd period - Off-side.
7:56 of 3rd period - Eric Staal wins face-off versus Jordan Staal in neutral zone.
8:13 of 3rd period - Shot by Jordan Staal.
8:13 of 3rd period - Shot Misses the Net.
8:15 of 3rd period - Shot by Jordan Staal.
8:15 of 3rd period - Shot Misses the Net.
8:17 of 3rd period - Shot by Jaden Schwartz.
8:17 of 3rd period - Stopped by Jonathan Quick without a rebound.
8:18 of 3rd period - Eric Staal wins face-off versus Jason Spezza in EDMONTON zone.
9:42 of 3rd period - Simon Despres is hit by Jason Chimera and loses puck.
12:11 of 3rd period - Kyle Okposo is hit by Calle Jarnkrok and loses puck.
12:20 of 3rd period - Shot by Calle Jarnkrok.
12:20 of 3rd period - Stopped by Jonathan Quick without a rebound.
12:21 of 3rd period - Troy Brouwer wins face-off versus Brad Richardson in EDMONTON zone.
12:51 of 3rd period - Shot by Alex Petrovic.
12:51 of 3rd period - Shot Misses the Net.
12:53 of 3rd period - Shot by Vladislav Namestnikov.
12:53 of 3rd period - Shot Misses the Net.
13:23 of 3rd period - Icing by Zack Kassian.
13:24 of 3rd period - Joshua Ho-Sang wins face-off versus Eric Staal in ST.LOUIS zone.
13:31 of 3rd period - Shot by Marcus Johansson.
13:31 of 3rd period - Stopped by Ben Bishop with a rebound.
13:33 of 3rd period - Shot by Eric Staal.
13:33 of 3rd period - Deflect By Marcus Johansson.
13:33 of 3rd period - Stopped by Ben Bishop with a rebound.
13:35 of 3rd period - Shot by Marcus Johansson.
13:35 of 3rd period - Stopped by Ben Bishop without a rebound.
13:36 of 3rd period - Jordan Staal wins face-off versus Markus Granlund in ST.LOUIS zone.
13:38 of 3rd period - Minor Penalty to Jason Chimera for Interference.
13:39 of 3rd period - Eric Staal wins face-off versus Jordan Staal in EDMONTON zone.
13:51 of 3rd period - Off-side.
13:52 of 3rd period - Jason Spezza wins face-off versus Eric Staal in neutral zone.
13:55 of 3rd period - Andrew MacDonald is hit by Calle Jarnkrok and loses puck.
14:06 of 3rd period - Shot by Alex Petrovic.
14:06 of 3rd period - Shot Misses the Net.
14:15 of 3rd period - Icing by Michael Stone.
14:16 of 3rd period - Jason Spezza wins face-off versus Eric Staal in ST.LOUIS zone.
15:01 of 3rd period - Icing by Jaden Schwartz.
15:02 of 3rd period - Paul Stastny wins face-off versus Jordan Staal in ST.LOUIS zone.
15:08 of 3rd period - Icing by Jonathan Ericsson.
15:09 of 3rd period - Paul Stastny wins face-off versus Jordan Staal in ST.LOUIS zone.
15:12 of 3rd period - Shot by Paul Byron.
15:12 of 3rd period - Shot Misses the Net.
15:39 of 3rd period - Minor Penalty to Vladislav Namestnikov for High sticking.
15:40 of 3rd period - Paul Stastny wins face-off versus Sam Gagner in ST.LOUIS zone.
15:40 of 3rd period - Paul Stastny is hit by Alex Petrovic.
15:52 of 3rd period - Shot by Kevin Shattenkirk.
15:52 of 3rd period - Shot Misses the Net.
15:56 of 3rd period - Shot by Paul Stastny.
15:56 of 3rd period - Shot Blocked by Michael Stone.
15:58 of 3rd period - Shot by Paul Stastny.
15:58 of 3rd period - Stopped by Ben Bishop with a rebound.
16:00 of 3rd period - Shot by Paul Stastny.
16:00 of 3rd period - Shot Misses the Net.
16:02 of 3rd period - Shot by Paul Stastny.
16:02 of 3rd period - Stopped by Ben Bishop with a rebound.
16:18 of 3rd period - Shot by Tyler Toffoli.
16:18 of 3rd period - Shot Misses the Net.
16:20 of 3rd period - Shot by Tyler Toffoli.
16:20 of 3rd period - Goal by Tyler Toffoli - EDMONTON : 5 - ST.LOUIS : 2.
16:21 of 3rd period - Eric Staal wins face-off versus Ryan Dzingel in neutral zone.
16:31 of 3rd period - Minor Penalty to Kyle Okposo for Cross-checking.
16:32 of 3rd period - Eric Staal wins face-off versus Jason Spezza in EDMONTON zone.
16:43 of 3rd period - Deryk Engelland is hit by Darnell Nurse and loses puck.
16:57 of 3rd period - Shot by Darnell Nurse.
16:57 of 3rd period - Goal by Darnell Nurse - EDMONTON : 5 - ST.LOUIS : 3.
16:58 of 3rd period - Markus Granlund wins face-off versus Ryan Dzingel in neutral zone.
17:00 of 3rd period - Off-side.
17:01 of 3rd period - Jordan Staal wins face-off versus Paul Stastny in neutral zone.
17:12 of 3rd period - Shot by Radim Vrbata.
17:12 of 3rd period - Stopped by Jonathan Quick without a rebound.
17:13 of 3rd period - Eric Staal wins face-off versus Ryan Dzingel in EDMONTON zone.
17:33 of 3rd period - Darnell Nurse is hit by Josh Manson and loses puck.
17:42 of 3rd period - Shot by Eric Staal.
17:42 of 3rd period - Shot Misses the Net.
18:17 of 3rd period - Alex Petrovic is hit by Paul Byron and loses puck.
18:32 of 3rd period - Shot by Tyler Toffoli.
18:32 of 3rd period - Shot Misses the Net.
18:34 of 3rd period - Shot by Mark Giordano.
18:34 of 3rd period - Stopped by Ben Bishop without a rebound.
18:35 of 3rd period - Jason Spezza wins face-off versus Markus Granlund in ST.LOUIS zone.
18:55 of 3rd period - Shot by Sam Gagner.
18:55 of 3rd period - Stopped by Jonathan Quick without a rebound.
18:56 of 3rd period - Jordan Staal wins face-off versus Brad Richardson in EDMONTON zone.
19:02 of 3rd period - Minor Penalty to Radim Vrbata for Tripping.
19:03 of 3rd period - Eric Staal wins face-off versus Sam Gagner in ST.LOUIS zone.
19:07 of 3rd period - Kyle Okposo is hit by Alex Petrovic and loses puck.
Goals for this period are 2 for EDMONTON vs 2 for ST.LOUIS.
Shots for this period are 11 for EDMONTON vs 10 for ST.LOUIS.